 Dungeon Crawl Stone Soup version 0.29.0-13-gc9e81de378 (webtiles) character file.

Game seed: 8691086444545305182

8438 RascalDebosk the Cleaver (level 11, 0/99 HPs)
             Began as a Minotaur Berserker on Sept 9, 2022.
             Was an Elder of Trog.
             Killed by vampiric draining
             ... invoked by a vampire
              (9 damage)
             ... on level 10 of the Dungeon.
             The game lasted 01:11:31 (9294 turns).

RascalDebosk the Cleaver (Minotaur Berserker)       Turns: 9294, Time: 01:11:31

Health: 0/99       AC: 10    Str: 26    XL:     11   Next: 9%
Magic:  10/10      EV: 12    Int: 10    God:    Trog [****..]
Gold:   420        SH:  0    Dex: 10    Spells: 10/10 levels left

rFire   . . .      SeeInvis .   E - +2 war axe (vorpal)
rCold   . . .      Faith    .   (no shield)
rNeg    + . .      Spirit   .   a - +0 acid dragon scales
rPois   .          Reflect  .   (helmet restricted)
rElec   .          Harm     .   (no cloak)
rCorr   +          Rampage  .   d - +0 pair of gloves of Gluttony {Regen+ Str+2 Int+4}
Will    +....                   (no boots)
Stlth   +.........              (no amulet)
HPRegen 1.06/turn               h - ring of willpower
MPRegen 0.12/turn               g - ring of positive energy

@: no status effects
A: horns 2, retaliatory headbutt
a: Renounce Religion, Berserk, Trog's Hand, Brothers in Arms


You were on level 10 of the Dungeon.
You worshipped Trog.
Trog was greatly pleased with you.
You visited 1 branch of the dungeon, and saw 10 of its levels.
You also visited: Ossuary.

You collected 628 gold pieces.
You spent 208 gold pieces at shops.

Inventory:

Hand Weapons
 D - a +1 war axe of electrocution
 E - a +2 vorpal war axe (weapon)
Missiles
 i - 25 poisoned darts (quivered)
 j - a curare-tipped dart
 q - 6 boomerangs
 z - 3 javelins
Armour
 a - +0 acid dragon scales (worn)
 d - the +0 pair of gloves of Gluttony (worn) {Regen+ Str+2 Int+4}
   (You acquired it on level 4 of the Dungeon)

   Str:       It affects your strength (+2).
   Int:       It affects your intelligence (+4).
   Regen:     It increases your rate of health regeneration.
 f - a +1 chain mail
Jewellery
 g - a ring of positive energy (right hand)
 h - a ring of willpower (left hand)
Wands
 l - a wand of quicksilver (6)
 o - a wand of flame (10)
 A - a wand of paralysis (1)
Scrolls
 c - 4 scrolls of teleportation
 s - 2 scrolls of butterflies
 w - 2 scrolls of blinking
 x - a scroll of magic mapping
 y - a scroll of poison
 F - a scroll of summoning
Potions
 b - a potion of ambrosia
 e - 4 potions of resistance
 k - 6 potions of curing
 m - 5 potions of flight
 n - 3 potions of haste
 p - 5 potions of cancellation
 t - a potion of might
 C - a potion of heal wounds {unknown}


   Skills:
 + Level 10.0 Fighting
 + Level 10.0 Axes
 + Level 7.5 Throwing
 + Level 9.6 Armour
 - Level 2.7 Dodging
 + Level 6.9 Evocations


You had 10 spell levels left.
You didn't know any spells.
Your spell library was empty.

Dungeon Overview and Level Annotations

Branches:
Dungeon (10/15)            Temple (0/1) D:4         Ossuary (visited)
   Lair: D:8-11         Orc: D:9-12

Altars:
Ashenzari
Makhleb
Nemelex Xobeh
Okawaru
Qazlal
Uskayaw
Vehumet
Zin

Shops:
D:5 :   D:7 (   D:10 [


Innate Abilities, Weirdness & Mutations

You have a pair of horns on your head.
You reflexively headbutt those who attack you in melee.


Message History

The yak snorts and paws the ground.
You slash the vampire mosquito!
The vampire mosquito is severely damaged.
You miss the vampire mosquito.
The vampire mosquito closely misses you.
You furiously retaliate!
You headbutt the vampire mosquito!
You destroy the vampire mosquito!
Trog accepts your kill.
The vampire mosquito bites you but does no damage.
The vampire mosquito bites you.
You slice the vampire mosquito!!
You destroy the vampire mosquito!
Trog accepts your kill.
Unknown command.
Something hits you! Something bites you!
Something draws strength from your injuries!
Something hits you! Something bites you!
Something draws strength from your injuries!
You slash something! You headbutt something. Something hits you.
Something bites you but does no damage.
You hit something but do no damage. You headbutt something!
You hear some strange, mumbled words.
Something tries to affect you, but you resist.
You closely miss something. Something hits you! Something bites you!
Something draws strength from your injuries!
You hit something but do no damage. Your headbutt misses something.
Something hits you. Something bites you!
* * * LOW HITPOINT WARNING * * *
Something draws strength from your injuries!
You slash something! Something hits you!
* * * LOW HITPOINT WARNING * * *
Something bites you.
* * * LOW HITPOINT WARNING * * *
Something draws strength from your injuries!
You barely miss something. Your headbutt misses something. Something hits you!
* * * LOW HITPOINT WARNING * * *
Something bites you but does no damage.
You closely miss something. You headbutt something.
Something draws life force from you!
You die...

#.##..#...#..#
#.
#.##.........#
##
#.......##.#.#
#.#######
..... #.#
.####. #.# #
#.# #.# #@#
#††Yo.'..
#######..


You could see a yak and an orc wizard.

Vanquished Creatures
  A boulder beetle (D:10)
  Joseph (D:7)
  Maggie (D:10)
  A troll (D:9)
  Sigmund (D:4)
  A wraith (Ossuary)
  A basilisk (D:9)
  9 yaks
  7 vampire mosquitoes
  A water moccasin (D:7)
  3 orc warriors
  A sky beast (D:7)
  3 ice beasts
  3 centaurs
  3 kobold brigands
  2 necrophages
  A gnoll sergeant (D:6)
  4 bullfrogs (D:7)
  3 scorpions
  16 wights
  4 killer bees
  An electric eel (D:6)
  A howler monkey (D:7)
  4 hounds
  2 jellies
  5 orc priests
  Terence (D:3)
  An iguana (D:6)
  9 orc wizards
  A mummy (Ossuary)
  7 gnolls
  2 adders
  A white imp (D:7)
  2 ufetubi
  6 worms
  4 dart slugs
  30 orcs
  4 ball pythons
  7 bats
  5 endoplasms
  2 giant cockroaches (D:1)
  15 goblins
  11 hobgoblins
  3 jackals (D:1)
  14 kobolds
  8 quokkas
  4 frilled lizards
  4 gnoll skeletons (Ossuary)
  7 kobold skeletons (Ossuary)
  12 orc skeletons (Ossuary)
  5 rats
245 creatures vanquished.

Vanquished Creatures (collateral kills)
  Harold (D:9)
  A gnoll skeleton (Ossuary)
  An orc skeleton (Ossuary)
3 creatures vanquished.

Grand Total: 248 creatures vanquished

Notes
Turn   | Place    | Note
-------+----------+-------------------------------------------
     0 | D:1      | RascalDebosk the Minotaur Berserker began the quest for the
                  | Orb.
     0 | D:1      | Reached XP level 1. HP: 19/19 MP: 0/0
   160 | D:1      | Reached XP level 2. HP: 27/27 MP: 1/1
   267 | D:1      | Found a faded altar of an unknown god.
   477 | D:1      | Reached XP level 3. HP: 9/33 MP: 2/2
   752 | D:1      | Reached ** piety under Trog
  1971 | D:2      | Reached XP level 4. HP: 40/40 MP: 3/3
  2733 | D:3      | Reached skill level 1 in Throwing
  2733 | D:3      | Reached skill level 1 in Evocations
  2738 | D:3      | Reached XP level 5. HP: 47/47 MP: 4/4
  2964 | D:3      | Reached *** piety under Trog
  3013 | D:3      | Noticed Terence
  3023 | D:3      | Killed Terence
  3604 | D:4      | Noticed Sigmund
  3610 | D:4      | Killed Sigmund
  3611 | D:4      | Reached skill level 5 in Fighting
  3611 | D:4      | Reached skill level 5 in Axes
  3611 | D:4      | Reached XP level 6. HP: 56/56 MP: 5/5
  3671 | D:4      | Found a staircase to the Ecumenical Temple.
  3929 | D:4      | Identified a scroll of acquirement
  3929 | D:4      | Acquired the +0 pair of gloves of Gluttony {Regen+ Str+2
                  | Int+4}
  4064 | D:4      | Found a burning altar of Makhleb.
  4066 | D:4      | Found a glowing silver altar of Zin.
  4068 | D:4      | Found a sparkling altar of Nemelex Xobeh.
  4081 | D:4      | Reached XP level 7. HP: 61/61 MP: 6/6
  4105 | D:4      | Found a hide-covered altar of Uskayaw.
  4171 | D:5      | Entered Level 5 of the Dungeon
  4574 | D:5      | Found Zifaos Mawk's Book Shoppe.
  4592 | D:5      | Reached skill level 5 in Armour
  4754 | D:5      | Found a sand-covered staircase.
  4759 | Ossuary  | Entered an ossuary
  4759 | Ossuary  | Noticed a wraith
  4759 | Ossuary  | Noticed a wraith
  4759 | Ossuary  | Noticed a wraith
  4862 | Ossuary  | Noticed a wraith
  4879 | Ossuary  | Killed a wraith
  4932 | Ossuary  | Reached **** piety under Trog
  5485 | D:6      | Reached XP level 8. HP: 63/70 MP: 7/7
  5536 | D:6      | Found a stormy altar of Qazlal.
  6332 | D:7      | Reached XP level 9. HP: 79/79 MP: 8/8
  6472 | D:7      | Reached skill level 5 in Throwing
  6637 | D:7      | Noticed Joseph
  6648 | D:7      | Killed Joseph
  6683 | D:7      | Found Purifiy's Weapon Emporium.
  6695 | D:7      | Reached skill level 5 in Evocations
  7601 | D:8      | Found a broken altar of Ashenzari.
  7659 | D:9      | Noticed a troll
  7663 | D:9      | Killed a troll
  7802 | D:9      | Reached XP level 10. HP: 78/90 MP: 9/9
  7906 | D:9      | Noticed Harold
  7922 | D:9      | Killed Harold
  8462 | D:9      | Found an iron altar of Okawaru.
  8617 | D:10     | Entered Level 10 of the Dungeon
  8617 | D:10     | Noticed a boulder beetle
  8634 | D:10     | Killed a boulder beetle
  8964 | D:10     | Noticed Maggie
  8984 | D:10     | Killed Maggie
  8985 | D:10     | Reached XP level 11. HP: 99/99 MP: 10/10
  9208 | D:10     | Found Fekhlirif's Antique Armour Emporium.
  9217 | D:10     | Bought a glowing scarf for 208 gold pieces
  9236 | D:10     | Found a radiant altar of Vehumet.
  9263 | D:10     | Reached skill level 10 in Fighting
  9263 | D:10     | Reached skill level 10 in Axes
  9294 | D:10     | Killed from afar by a vampire

Illustrated notes

Levels and vault maps discovered:
D:1:      nzn_arrival_depleted_hourglass, layout_basic,
          ebering_ecumenical_altar_webs
D:2:      layout_loops_corners
D:3:      layout_basic, st_stairs_10, uniq_terence
D:4:      layout_basic, eat_drink_and_be_merry_uskayaw,
          grunt_temple_overflow_open, minmay_temple_entry_crystal_x,
          hangedman_decor_points, uniq_sigmund
D:5:      layout_basic, enter_ossuary_5, serial_shops, nicolae_diamond_shop,
          dk_noncrumbling_2, kennysheep_generic_room_11
D:6:      layout_basic, mainiacjoe_overflow_cross_hatched,
          kennysheep_cluttered_room
D:7:      minmay_skewed_foursquare, layout_loops_cross, nrook_mini_vaults,
          kennysheep_small_circle, uniq_joseph
D:8:      layout_layer_cave, marbit_many_paths
D:9:      layout_irregular_city, lemuel_coloured_pillars_altar,
          hangedman_decor_riveting, uniq_harold
D:10:     layout_basic, tso_metal_star, vehumet_crystals, serial_shops,
          nicolae_shop_hallway_plus, shop_statue, kennysheep_small_square,
          uniq_maggie

Skill      XL: |  1  2  3  4  5  6  7  8  9 10 11 |
---------------+----------------------------------+-----
Axes           | 4 5 6 7 8 9 10 | 10.0
Fighting       | 4 5 6 7 8 9 10 | 10.0
Armour         | 3 4 5 6 8 9 |  9.6
Throwing       | 1 2 3 4 6 7 |  7.5
Evocations     | 1 2 3 4 5 6 |  6.9
Dodging        | |  2.7

Action                   |  1- 3 |  4- 6 |  7- 9 | 10-12 || total
-------------------------+-------+-------+-------+-------++-------
Melee: Hand axe          |    81 |   111 |   272 |       ||   464
       Headbutt          |     9 |    17 |    56 |    19 ||   101
       Punch             |     1 |       |     4 |       ||     5
       War axe           |       |       |    29 |    91 ||   120
Throw: Javelin           |       |       |    14 |     6 ||    20
       Boomerang         |       |       |     9 |    11 ||    20
       Dart              |       |       |     1 |    15 ||    16
Invok: Berserk           |     1 |     3 |     8 |     5 ||    17
       Trog's Hand       |       |     1 |     3 |     1 ||     5
       Brothers in Arms  |       |       |       |     1 ||     1
Evoke: Wand              |       |       |     1 |     1 ||     2
  Use: Scroll            |       |     9 |    13 |     3 ||    25
 Stab: Sleeping          |     1 |       |       |       ||     1
Armor: Animal skin       |     1 |       |       |       ||     1
       Robe              |     4 |       |       |       ||     4
       Leather armour    |     7 |       |       |       ||     7
       Ring mail         |     1 |    38 |    21 |       ||    60
       Chain mail        |       |       |   142 |    39 ||   181
       Acid dragon scale |       |       |       |     5 ||     5
Dodge: Dodged            |    50 |    72 |   190 |    46 ||   358
